TOP OF THE 1ST |
Columbus Clippers batting - Pitching for Fresno Grizzlies : RHP Andy Montelongo
|
Pitching: RHP Andy Montelongo
|
|
Batting: LHB John Harring
|
0-0: Swinging Strike 0-1: Foul Ball, location: 2F 0-2: SINGLE (Groundball, 56D, EV 106.2 MPH)
|
Batting: LHB Gabe White
|
0-0: Called Strike John Harring steals 2nd base 0-1: Ball 1-1: Ball 2-1: Called Strike 2-2: Ball 3-2: Foul Ball, location: 2F 3-2: Strikes out swinging
|
Batting: LHB Brent Albertson
|
0-0: Called Strike 0-1: Swinging Strike 0-2: Ball 1-2: Fly out, F7 (Flyball, 78M, EV 92.5 MPH)
|
Batting: LHB Costodio Varino
|
0-0: Ball 1-0: Ball 2-0: Fly out, F8 (Line Drive, 8LD, EV 95.6 MPH)
|
Top of the 1st over - 0 runs, 1 hit, 0 errors, 1 left on base; Columbus 0 - Fresno 0 |
BOTTOM OF THE 1ST |
Fresno Grizzlies batting - Pitching for Columbus Clippers : RHP Prince Gibson
|
Pitching: RHP Prince Gibson
|
|
Batting: RHB Ben Hoffman
|
0-0: Swinging Strike 0-1: Foul Ball, location: 2F 0-2: Strikes out swinging
|
Batting: LHB Chris Cabrera
|
0-0: Ball 1-0: Ground out U3 (Groundball, 34, EV 82.5 MPH)
|
Batting: RHB Ramon Castellon
|
0-0: Ball 1-0: Foul Ball, location: 2F 1-1: Foul Ball, location: 2F 1-2: Ball 2-2: Strikes out swinging
|
Bottom of the 1st over - 0 runs, 0 hits, 0 errors, 0 left on base; Columbus 0 - Fresno 0 |
TOP OF THE 2ND |
Columbus Clippers batting - Pitching for Fresno Grizzlies : RHP Andy Montelongo
|
Batting: LHB Kyle Schaible
|
0-0: Foul Ball, location: 2F 0-1: Ball 1-1: Ball 2-1: Swinging Strike 2-2: Ground out 6-3 (Groundball, 6S, EV 89.4 MPH)
|
Batting: RHB Mike Quackenbush
|
0-0: Fly out, F9 (Flyball, 89M, EV 84.4 MPH)
|
Batting: LHB Tony Vitela
|
0-0: Called Strike 0-1: Swinging Strike 0-2: Strikes out swinging
|
Top of the 2nd over - 0 runs, 0 hits, 0 errors, 0 left on base; Columbus 0 - Fresno 0 |
BOTTOM OF THE 2ND |
Fresno Grizzlies batting - Pitching for Columbus Clippers : RHP Prince Gibson
|
Batting: RHB Bill Cabrera
|
0-0: Ball 1-0: Foul Ball, location: 2F 1-1: Ball 2-1: Ball 3-1: Foul Ball, location: 2F 3-2: SOLO HOME RUN (Flyball, 89XD, EV 104.4 MPH), Distance : 396 ft
|
Batting: SHB Paskar Adegoke
|
0-0: Called Strike 0-1: Foul Ball, location: 2F 0-2: Ball 1-2: Foul Ball, location: 2F 1-2: Ball 2-2: Fly out, F7 (Flyball, 78XD, EV 90.6 MPH)
|
Batting: LHB Bob Dietz
|
0-0: Ball 1-0: SINGLE (Groundball, 4M, EV 103.8 MPH) (infield hit)
|
Batting: RHB Sam Spohn
|
0-0: Called Strike 0-1: Hit by Pitch Bob Dietz to second
|
Batting: RHB Workneh Lagat
|
0-0: Ball 1-0: Swinging Strike 1-1: Swinging Strike 1-2: Ball 2-2: Foul Ball, location: 2F 2-2: Ball 3-2: DOUBLE (Flyball, 78D, EV 110.6 MPH) Bob Dietz scores Sam Spohn to third
|
Batting: RHB Raul Sanchez
|
0-0: Ball 1-0: Foul Ball, location: 2F 1-1: Foul Ball, location: 2F 1-2: Ball 2-2: Ball 3-2: Fly out, F7 (Line Drive, 7S, EV 92.5 MPH)
|
Batting: RHB Ben Hoffman
|
0-0: Ball 1-0: Foul Ball, location: 2F 1-1: Ball 2-1: Ball 3-1: Ground out U3 (Groundball, 23, EV 81.9 MPH)
|
Bottom of the 2nd over - 2 runs, 3 hits, 0 errors, 2 left on base; Columbus 0 - Fresno 2 |
TOP OF THE 3RD |
Columbus Clippers batting - Pitching for Fresno Grizzlies : RHP Andy Montelongo
|
Batting: RHB Steve Bui
|
0-0: Ball 1-0: Ground out 2-3 (Groundball, 2L, EV 69.4 MPH)
|
Batting: RHB Jason Sher
|
0-0: Called Strike 0-1: Ball 1-1: Foul Ball, location: 2F 1-2: Ball 2-2: Strikes out looking
|
Batting: LHB John Harring
|
0-0: Fly out, F7 (Flyball, 78S, EV 84.4 MPH)
|
Top of the 3rd over - 0 runs, 0 hits, 0 errors, 0 left on base; Columbus 0 - Fresno 2 |
BOTTOM OF THE 3RD |
Fresno Grizzlies batting - Pitching for Columbus Clippers : RHP Prince Gibson
|
Batting: LHB Chris Cabrera
|
0-0: Ball 1-0: Ball 2-0: Swinging Strike 2-1: Ball 3-1: Base on Balls
|
Batting: RHB Ramon Castellon
|
0-0: Grounds into double play, 5-4-3 (Groundball, 5, EV 86.2 MPH)
|
Batting: RHB Bill Cabrera
|
0-0: Called Strike 0-1: Swinging Strike 0-2: Foul Ball, location: 2F 0-2: Ball 1-2: Ground out U3 (Groundball, 13, EV 90.6 MPH)
|
Bottom of the 3rd over - 0 runs, 0 hits, 0 errors, 0 left on base; Columbus 0 - Fresno 2 |
TOP OF THE 4TH |
Columbus Clippers batting - Pitching for Fresno Grizzlies : RHP Andy Montelongo
|
Batting: LHB Gabe White
|
0-0: Ground out 1-3 (Groundball, 13S, EV 71.9 MPH)
|
Batting: LHB Brent Albertson
|
0-0: Ball 1-0: Called Strike 1-1: Ball 2-1: SOLO HOME RUN (Flyball, 9D, EV 95.6 MPH), Distance : 381 ft
|
Batting: LHB Costodio Varino
|
0-0: Called Strike 0-1: Ball 1-1: Ball 2-1: Fly out, F6 (Line Drive, 6, EV 68.1 MPH)
|
Batting: LHB Kyle Schaible
|
0-0: SINGLE (Groundball, 34D, EV 100.6 MPH)
|
Batting: RHB Mike Quackenbush
|
0-0: Fly out, F8 (Flyball, 8RS, EV 83.8 MPH)
|
Top of the 4th over - 1 run, 2 hits, 0 errors, 1 left on base; Columbus 1 - Fresno 2 |
BOTTOM OF THE 4TH |
Fresno Grizzlies batting - Pitching for Columbus Clippers : RHP Prince Gibson
|
Batting: SHB Paskar Adegoke
|
0-0: Ball 1-0: Ball 2-0: Called Strike 2-1: Ball 3-1: Called Strike 3-2: Foul Ball, location: 2F 3-2: Strikes out swinging
|
Batting: LHB Bob Dietz
|
0-0: Ground out 1-3 (Groundball, 13, EV 71.9 MPH)
|
Batting: RHB Sam Spohn
|
0-0: Ball 1-0: Ball 2-0: Swinging Strike 2-1: Fly out, F4 (Popup, 3S, EV 85.0 MPH)
|
Bottom of the 4th over - 0 runs, 0 hits, 0 errors, 0 left on base; Columbus 1 - Fresno 2 |
TOP OF THE 5TH |
Columbus Clippers batting - Pitching for Fresno Grizzlies : RHP Andy Montelongo
|
Batting: LHB Tony Vitela
|
0-0: SOLO HOME RUN (Flyball, 9D, EV 101.2 MPH), Distance : 373 ft
|
Batting: RHB Steve Bui
|
0-0: Ball 1-0: Called Strike 1-1: Fly out, F8 (Flyball, 8LS, EV 95.6 MPH)
|
Batting: RHB Jason Sher
|
0-0: Foul Ball, location: 2F 0-1: Called Strike 0-2: Ball 1-2: Ball 2-2: Foul Ball, location: 2F 2-2: Foul Ball, location: 2F 2-2: Strikes out looking
|
Batting: LHB John Harring
|
0-0: Called Strike 0-1: Swinging Strike 0-2: Strikes out looking
|
Top of the 5th over - 1 run, 1 hit, 0 errors, 0 left on base; Columbus 2 - Fresno 2 |
BOTTOM OF THE 5TH |
Fresno Grizzlies batting - Pitching for Columbus Clippers : RHP Prince Gibson
|
Batting: RHB Workneh Lagat
|
0-0: Called Strike 0-1: Ground out 4-3 (Groundball, 34, EV 94.4 MPH)
|
Batting: RHB Raul Sanchez
|
0-0: Foul Ball, location: 2F 0-1: Ball 1-1: Foul Ball, location: 2F 1-2: DOUBLE (Groundball, 5L, EV 99.4 MPH)
|
Batting: RHB Ben Hoffman
|
0-0: Ball 1-0: SINGLE (Line Drive, 9S, EV 111.9 MPH) Raul Sanchez to third
|
Batting: LHB Chris Cabrera
|
0-0: Swinging Strike 0-1: Called Strike Ben Hoffman steals 2nd base 0-2: Ball 1-2: Ball 2-2: Foul Ball, location: 2F 2-2: Ball 3-2: Foul Ball, location: 2F 3-2: SINGLE (Groundball, 6, EV 112.5 MPH) (infield hit) Raul Sanchez scores Ben Hoffman to third
|
Batting: RHB Ramon Castellon
|
0-0: Called Strike 0-1: Ball 1-1: Grounds into double play, 4-6-3 (Groundball, 34, EV 82.5 MPH)
|
Bottom of the 5th over - 1 run, 3 hits, 0 errors, 1 left on base; Columbus 2 - Fresno 3 |
TOP OF THE 6TH |
Columbus Clippers batting - Pitching for Fresno Grizzlies : RHP Andy Montelongo
|
Batting: LHB Gabe White
|
0-0: Swinging Strike 0-1: Foul Ball, location: 2F 0-2: Ball 1-2: Ball 2-2: SINGLE (Groundball, 5S, EV 63.8 MPH) (infield hit)
|
Batting: LHB Brent Albertson
|
0-0: Called Strike Gabe White steals 2nd base 0-1: Ball 1-1: Swinging Strike 1-2: Strikes out looking
|
Batting: LHB Costodio Varino
|
0-0: Ball 1-0: Called Strike 1-1: Ball 2-1: Called Strike 2-2: Strikes out swinging
|
Batting: LHB Kyle Schaible
|
0-0: SINGLE (Groundball, 6MD, EV 106.2 MPH) Gabe White to third Runner from 3rd tries for Home, throw by CF and OUT! 8-2
|
Top of the 6th over - 0 runs, 2 hits, 0 errors, 1 left on base; Columbus 2 - Fresno 3 |
BOTTOM OF THE 6TH |
Fresno Grizzlies batting - Pitching for Columbus Clippers : RHP Prince Gibson
|
Batting: RHB Bill Cabrera
|
0-0: Foul Ball, location: 2F 0-1: Ball 1-1: Foul Ball, location: 2F 1-2: Ball 2-2: Foul Ball, location: 2F 2-2: Foul Ball, location: 2F 2-2: SINGLE (Groundball, 56S, EV 95.0 MPH)
|
Batting: SHB Paskar Adegoke
|
0-0: Ground out 5-3 (Groundball, 56S, EV 66.9 MPH) Bill Cabrera to second
|
Batting: LHB Bob Dietz
|
0-0: Foul Ball, location: 2F 0-1: SINGLE (Line Drive, 6D, EV 99.4 MPH) Bill Cabrera to third
|
Batting: RHB Sam Spohn
|
0-0: Foul Ball, location: 2F 0-1: Called Strike 0-2: Strikes out swinging
|
Batting: RHB Workneh Lagat
|
0-0: Ball 1-0: Swinging Strike 1-1: Swinging Strike 1-2: Fielders Choice at 2nd, 6-4 (Groundball, 6, EV 100.6 MPH)
|
Bottom of the 6th over - 0 runs, 2 hits, 0 errors, 2 left on base; Columbus 2 - Fresno 3 |
TOP OF THE 7TH |
Columbus Clippers batting - Pitching for Fresno Grizzlies : RHP Andy Montelongo
|
Batting: RHB Mike Quackenbush
|
0-0: Ground out 5-3 (Groundball, 56, EV 101.2 MPH)
|
Batting: LHB Tony Vitela
|
0-0: Called Strike 0-1: Ball 1-1: Ball 2-1: Foul Ball, location: 2F 2-2: Ball 3-2: Foul Ball, location: 2F 3-2: Base on Balls
|
Batting: RHB Steve Bui
|
0-0: Ball 1-0: Swinging Strike 1-1: Called Strike 1-2: Ball 2-2: Strikes out swinging
|
Pinch Hitting: LHB Tommy King
|
0-0: Called Strike 0-1: Ground out 4-3 (Groundball, 4, EV 79.4 MPH)
|
Top of the 7th over - 0 runs, 0 hits, 0 errors, 1 left on base; Columbus 2 - Fresno 3 |
BOTTOM OF THE 7TH |
Fresno Grizzlies batting - Pitching for Columbus Clippers : RHP Prince Gibson
|
Pitching: LHP Neal Chauveau
|
|
Now at 3B: Carlos Abrego
|
|
Batting: RHB Raul Sanchez
|
0-0: Ground out 6-3 (Groundball, 6, EV 99.4 MPH)
|
Batting: RHB Ben Hoffman
|
0-0: Ground out 6-3 (Groundball, 6, EV 78.1 MPH)
|
Batting: LHB Chris Cabrera
|
0-0: Ball 1-0: Ground out 4-3 (Groundball, 4, EV 84.4 MPH)
|
Bottom of the 7th over - 0 runs, 0 hits, 0 errors, 0 left on base; Columbus 2 - Fresno 3 |
TOP OF THE 8TH |
Columbus Clippers batting - Pitching for Fresno Grizzlies : RHP Andy Montelongo
|
Batting: LHB John Harring
|
0-0: Called Strike 0-1: Ball 1-1: Foul Ball, location: 2F 1-2: Ball 2-2: Ground out 6-3 (Groundball, 56, EV 78.8 MPH)
|
Batting: LHB Gabe White
|
0-0: Ball 1-0: Ground out 4-3 (Groundball, 4, EV 87.5 MPH)
|
Batting: LHB Brent Albertson
|
0-0: Foul Ball, location: 2F 0-1: Foul Ball, location: 2F 0-2: SINGLE (Groundball, 34D, EV 103.1 MPH)
|
Pitching: RHP John Mathis
|
|
Batting: LHB Costodio Varino
|
0-0: Swinging Strike 0-1: Swinging Strike 0-2: Strikes out swinging
|
Top of the 8th over - 0 runs, 1 hit, 0 errors, 1 left on base; Columbus 2 - Fresno 3 |
BOTTOM OF THE 8TH |
Fresno Grizzlies batting - Pitching for Columbus Clippers : LHP Neal Chauveau
|
Batting: RHB Ramon Castellon
|
0-0: Ball 1-0: Ball 2-0: SINGLE (Groundball, 34D, EV 106.2 MPH)
|
Batting: RHB Bill Cabrera
|
0-0: Ball 1-0: Grounds into double play, 6-4-3 (Groundball, 6, EV 105.0 MPH)
|
Batting: SHB Paskar Adegoke
|
0-0: Ball 1-0: Ball 2-0: Called Strike 2-1: Ball 3-1: Foul Ball, location: 2F 3-2: Foul Ball, location: 2F 3-2: Foul Ball, location: 2F 3-2: SINGLE (Line Drive, 3D, EV 106.9 MPH)
|
Batting: LHB Bob Dietz
|
0-0: Ball 1-0: Fly out, F9 (Line Drive, 9S, EV 87.5 MPH)
|
Bottom of the 8th over - 0 runs, 2 hits, 0 errors, 1 left on base; Columbus 2 - Fresno 3 |
TOP OF THE 9TH |
Columbus Clippers batting - Pitching for Fresno Grizzlies : RHP John Mathis
|
Now in RF: Kelvin Jones
|
|
Batting: LHB Kyle Schaible
|
0-0: Ball 1-0: Ball 2-0: Fly out, F7 (Line Drive, 78M, EV 94.4 MPH)
|
Batting: RHB Mike Quackenbush
|
0-0: Ball 1-0: Ball 2-0: Ground out 6-3 (Groundball, 6M, EV 80.6 MPH)
|
Batting: LHB Tony Vitela
|
0-0: Ball 1-0: Swinging Strike 1-1: Ball 2-1: Foul Ball, location: 2F 2-2: Strikes out looking
|
Top of the 9th over - 0 runs, 0 hits, 0 errors, 0 left on base; Columbus 2 - Fresno 3 |
|